 Dungeon Crawl Stone Soup version 0.19.0 (webtiles) character file.

149336 tyranidshit the Warrior (level 16, -11/145 HPs)
             Began as a Demonspawn Abyssal Knight on Nov 1, 2016.
             Was the Champion of Lugonu.
             Killed by the raging water
             ... invoked by a water nymph
              (15 damage)
             ... on level 4 of the Shoals.
             The game lasted 02:19:03 (21979 turns).

tyranidshit the Warrior (DsAK)                     Turns: 21979, Time: 02:19:05

Health: -11/145    AC: 36    Str: 26      XL:     16   Next: 66%
Magic:  30/30      EV:  6    Int: 17 (18) God:    Lugonu [******]
Gold:   313        SH: 19    Dex: 15 (16) Spells: 2 memorised, 18 levels left

rFire  . . .     SeeInvis .     P - +9 broad axe (distort)
rCold  + . .     Gourm    .     O - +6 chain mail of Gehenna {*Drain MP+9 Str+3 Int+4}
rNeg   . . .     Faith    .     j - +1 large shield
rPois  .         Spirit   .     (helmet unavailable)
rElec  .         Reflect  .     f - +2 cloak {+Inv}
rCorr  .         Harm     .     b - +2 pair of gloves {Dex+3}
MR     +....                    U - +2 pair of boots
Stlth  ..........               z - amulet of regeneration
                                I - ring of Biofam {Wiz Str+6}
                                d - +5 ring of protection

@: about to teleport, very slightly contaminated
A: horns 3, talons 1, iridescent scales 2, cold resistance 1, deterioration 1,
foul stench 1, spiny 2, weak 1, rot immunity
a: Depart the Abyss, Bend Space, Banish, Corrupt, Enter the Abyss, Renounce
Religion, Evoke Invisibility
}: 1/15 runes: barnacled


You were on level 4 of the Shoals.
You worshipped Lugonu.
Lugonu was exalted by your worship.
You were not hungry.

You visited 6 branches of the dungeon, and saw 28 of its levels.
You visited the Abyss 1 time.
You also visited: Labyrinth and Ice Cave.

You collected 2274 gold pieces.
You spent 1961 gold pieces at shops.

Inventory:

Hand Weapons
 C - a +1 scimitar of flaming
 P - a +9 broad axe of distortion (weapon)
 S - the +6 short sword of Iren Ron {pain, +Blink rF+}
   (You found it on level 1 of the Lair of Beasts)

   In the hands of one skilled in necromantic magic, it inflicts extra damage on
   living creatures.
   It protects you from fire.
   It lets you blink.
Armour
 b - a +2 pair of gloves of dexterity (worn)
 f - a +2 cloak of invisibility (worn)
 j - a +1 large shield (worn)
 O - the +6 chain mail of Gehenna (worn) {*Drain MP+9 Str+3 Int+4}
   (You bought it in a shop on level 2 of the Orcish Mines)

   It affects your strength (+3).
   It affects your intelligence (+4).
   It affects your magic capacity (+9).
   It causes draining when unequipped.
 Q - a +2 plate armour of cold resistance
 U - a +2 pair of boots (worn)
 Z - the +1 ring mail "Sigyth" {rElec rPois Str+2 Slay-4}
   (You found it on level 3 of the Shoals)

   It affects your strength (+2).
   It affects your accuracy and damage with ranged weapons and melee attacks
   (-4).
   It insulates you from electricity.
   It protects you from poison.
Jewellery
 d - a +5 ring of protection (left hand)
 h - an uncursed amulet of guardian spirit
 z - an amulet of regeneration (around neck)
 G - an uncursed ring of poison resistance
 I - the ring of Biofam (right hand) {Wiz Str+6}
   (You found it on level 4 of the Shoals)

   [ring of wizardry]

   It improves your spell success rate.
   It affects your strength (+6).
 M - an uncursed ring of see invisible
 Y - a +3 ring of dexterity
Wands
 c - a wand of digging (13/24)
 k - a wand of iceblast (10/15)
 p - a wand of teleportation (0/9)
 w - a wand of confusion (25/48)
 A - a wand of teleportation (6/9)
 B - a wand of paralysis (20/24)
 E - a wand of lightning (2/15)
 N - a wand of flame (16/48)
 T - a wand of disintegration (13/24)
Scrolls
 e - 5 scrolls of fog
 m - a scroll of magic mapping
 o - a scroll of blinking
 t - 5 scrolls of teleportation
 v - 14 scrolls of remove curse
 y - 3 scrolls of identify
 J - 4 scrolls of fear
Potions
 g - 2 potions of invisibility
 i - 3 potions of flight
 x - 5 potions of curing
 F - a potion of might
 H - 4 potions of berserk rage
 K - 5 potions of haste
 R - 4 potions of agility
Books
 V - a book of Battle

   Spells                             Type                      Level
   a - Infusion                       Charms                       1
   b - Shroud of Golubria             Charms/Translocation         2
   c - Song of Slaying                Charms                       2
   d - Spectral Weapon                Hexes/Charms                 3
   e - Regeneration                   Charms/Necromancy            3
 W - a book of Maledictions

   Spells                             Type                      Level
   a - Corona                         Hexes                        1
   b - Ensorcelled Hibernation        Hexes/Ice                    2
   c - Confuse                        Hexes                        3
   d - Tukima's Dance                 Hexes                        3
   e - Dazzling Spray                 Conjuration/Hexes            3
Miscellaneous
 a - a lamp of fire
 l - a sack of spiders
 u - a phial of floods
 L - a phial of floods
Comestibles
 q - 4 slices of pizza
 r - 19 fruits
 s - 11 bread rations
 D - a royal jelly


   Skills:
 + Level 18.6 Fighting
 + Level 15.1 Axes
 - Level 10.0 Armour
 - Level 0.8 Dodging
 - Level 1.0 Stealth
 - Level 8.4 Shields
 - Level 3.0 Spellcasting
 - Level 2.5 Translocations
 - Level 7.1 Invocations
 - Level 6.1 Evocations


You had 18 spell levels left.
You knew the following spells:

 Your Spells              Type           Power        Failure   Level  Hunger
a - Blink                 Tloc           N/A          98%         2    ##.....
b - Apportation           Tloc           ##........   92%         1    None


Dungeon Overview and Level Annotations

Branches:
Dungeon (13/15)            Temple (1/1) D:4            Lair (6/6) D:10
 Shoals (4/4) Lair:3        Snake (2/4) Lair:4        Slime (0/5) Lair:5
    Orc (2/2) D:11            Elf (0/3) Orc:2        Vaults (0/5) D:13

Altars:
Ashenzari
Cheibriados
Dithmenos
Elyvilon
Fedhas
Gozag
Hepliaklqana
Kikubaaqudgha
Makhleb
Nemelex Xobeh
Okawaru
Qazlal
Ru
Sif Muna
Trog
Uskayaw
Vehumet
Xom
Yredelemnul
Zin
The Shining One
Beogh

Shops:
D:9 [   Orc:1 *   Orc:2 (=*[   Snake:1 (*!?

Annotations:
Shoals:4 Polyphemus
Snake:2 Vashnia


Innate Abilities, Weirdness & Mutations

You have a pair of large horns on your head.
You are mostly covered in iridescent scales. (AC +4)
You may emit foul miasma when damaged in melee.
You are mostly covered in sharp spines.
You are immune to rotting.
You have sharp toenails.
Your flesh is cold resistant. (rC+)
Your body sometimes deteriorates upon taking damage.
You are weak. (Str -2)


Message History

The tentacle looks even sicker.
Polyphemus says, "Trying to escape from me is senseless!"
Polyphemus throws a large rock.
You block the large rock.
You see here a large rock.
Evoke which item? (* to show all) (? for menu, Esc to quit)
Zapping:
p - a wand of teleportation (1/9)
Press: ? - help, Shift-Dir - straight line, f - you You feel strangely unstable.
This wand has 0 charges left.
You block the tentacle's attack.
Polyphemus throws a large rock.
The large rock hits you!!
* * * LOW HITPOINT WARNING * * *
The merfolk aquamancer gestures at you while chanting.
The great wave of water misses you.
The wave splashes down.
Splash!
You fall into the shallow water.
Moving in this stuff is going to be slow.
You block the tentacle's attack. The water nymph casts a spell at you.
The water swirls and strikes you!
You die...

.#.....)÷÷..........(....≈≈≈≈≈≈≈≈
.#..............)..)(.≈≈≈≈≈≈≈≈≈≈≈
.#.....<.........C...≈≈≈≈≈≈≈≈≈≈≈≈
#..................≈≈≈≈≈≈≈≈≈≈≈≈≈≈
≈.............≈≈≈≈≈≈≈≈≈≈≈≈≈≈≈≈≈≈≈
≈.............≈≈≈≈≈≈≈≈≈≈≈≈≈≈≈≈≈≈≈
≈.............≈≈....≈≈≈≈≈≈≈≈≈≈≈≈≈
≈≈≈≈....######≈.≈≈...≈≈≈≈≈≈≈≈≈≈≈≈
≈≈≈≈≈≈.##≈,...#≈@≈...≈≈≈≈≈≈≈≈≈≈≈≈
≈≈≈≈≈≈##≈,...#(#≈w─..≈≈≈≈≈≈≈≈≈≈≈≈
≈≈≈≈≈≈#≈,,#≈..#.#§t\.≈≈≈≈≈≈≈≈≈≈≈≈
≈≈≈≈≈≈#≈,≈≈≈≈...#..≈≈≈≈≈≈≈≈≈≈≈≈≈≈
≈≈≈≈≈≈#≈,≈##≈≈..#m≈≈≈≈≈≈≈≈≈≈≈≈≈≈≈
≈≈≈≈≈≈#≈,,≈#≈#..#≈≈≈≈≈≈≈≈≈≈≈≈≈≈≈≈
...≈≈≈*≈*,.≈≈.m≈#≈≈≈≈≈≈X≈≈≈≈≈≈≈≈≈
*,≈≈≈≈**≈*....≈##≈≈≈≈≈t≈≈≈≈≈≈≈≈≈≈
,,≈≈≈≈≈**≈≈≈≈≈**≈≈≈≈≈≈≈≈≈≈≈≈≈≈≈≈≈


You could see a kraken, Polyphemus, a merfolk aquamancer, 2 snapping turtles, a
tentacle and a water nymph.

Vanquished Creatures
  Aizul (Shoals:2)
  A merfolk javelineer (Shoals:1)
  8 merfolk impalers
  A minotaur (Lab)
  Erolcha (Orc:1)
  Josephine (Lair:4)
  3 vault guards (D:13)
  7 hydras
  A catoblepas (Shoals:4)
  4 anacondas (Snake:1)
  Erica (D:9)
  3 merfolk avatars
  2 satyrs
  A centaur warrior (D:13)
  8 death yaks
  3 merfolk aquamancers
  A dancing weapon (Orc:2)
  The ghost of Squonk the Martial Artist, a journeyman OpTm of Ashenzari (D:11)
  2 alligator snapping turtles
  2 orc high priests
  2 naga sharpshooters (Snake:1)
  A wizard (D:13)
  6 sea snakes
  2 unseen horrors
  A naga ritualist (Snake:1)
  A hill giant (D:6)
  A necromancer (IceCv)
  18 harpies
  Pikel (D:4)
  3 orc knights (Orc:2)
  An ugly thing (D:13)
  3 orc sorcerers
  2 mana vipers (Snake:1)
  11 fauns
  8 manticores
  An oklob plant (Shoals:1)
  3 cyclopes
  2 salamanders
  4 naga magi
  4 water nymphs
  3 ice statues (IceCv)
  Maurice (D:8)
  3 sirens
  21 black mambas
  5 elephants
  5 spiny frogs
  2 gargoyles (D:13)
  2 rime drakes (Lair:1)
  A yaktaur (D:13)
  7 ice devils (IceCv)
  4 komodo dragons
  A minotaur zombie (Lab)
  A tengu conjurer (D:13)
  16 merfolk
  A troll (D:13)
  A two-headed ogre (D:12)
  A wind drake (Shoals:3)
  A polar bear (Lair:6)
  Grinder (D:4)
  A slime creature (D:12)
  7 hippogriffs
  15 blink frogs
  6 hornets
  8 dream sheep
  8 snapping turtles
  A shadow (D:13)
  3 wyverns
  Sigmund (D:3)
  14 spriggans
  2 wraiths (Lair:5)
  8 water elementals
  39 yaks
  A hungry ghost (D:9)
  4 basilisks
  19 nagas
  Duvessa (D:6)
  3 porcupines
  9 water moccasins
  26 orc warriors
  2 phantoms
  6 black bears
  An ice beast (D:10)
  2 sky beasts
  2 boggarts (Lair:6)
  A slave (D:3)
  28 centaurs
  20 wolves
  12 ogres
  12 crocodiles
  A big kobold (D:7)
  16 bullfrogs
  A gnoll sergeant (D:6)
  A wyvern zombie (D:8)
  Dowan (D:6)
  A water moccasin zombie (D:8)
  7 scorpions
  4 wights (D:7)
  15 killer bees
  A howler monkey (D:4)
  An electric eel (D:7)
  4 draconian simulacra (IceCv)
  6 crimson imps
  2 centaur zombies
  7 hounds
  18 jellies
  17 orc wizards
  11 orc priests
  2 iguanas
  2 bullfrog skeletons
  Ijyb (D:2)
  Natasha (thrice) (D:2)
  10 worker ants
  2 spriggan simulacra (IceCv)
  3 troll simulacra (IceCv)
  2 hound zombies
  A hound skeleton (D:11)
  11 adders
  13 gnolls
  An ogre simulacrum (IceCv)
  4 shadow imps
  2 oozes
  An adder skeleton (D:5)
  2 worms
  2 dart slugs (D:1)
  4 leopard geckos
  62 orcs
  8 giant cockroaches
  6 goblins (D:1)
  10 hobgoblins
  3 jackals (D:8)
  6 quokkas
  A ball python (D:1)
  2 bats
  4 frilled lizards
  A jackal zombie (D:6)
  15 kobolds
  A leopard gecko skeleton (D:4)
  A quokka zombie (D:9)
  4 rats
  4 fungi
  17 plants
  2 tentacles (Shoals:4)
793 creatures vanquished.

Vanquished Creatures (others)
  A stone giant (Orc:1)
  An ogre mage (D:13)
  2 death yaks
  A naga sharpshooter (Snake:1)
  2 sea snakes
  2 naga ritualists
  A hill giant (D:13)
  2 orc knights (Orc:2)
  2 fauns
  A cyclops (D:11)
  2 manticores
  2 elephants (Lair:4)
  A polar bear (Lair:5)
  2 slime creatures (D:12)
  2 merfolk (Shoals:1)
  2 blink frogs
  A hippogriff (Shoals:1)
  2 spriggans (Lair:6)
  2 yaks
  2 nagas (Snake:2)
  A porcupine (Lair:5)
  A black bear (Lair:6)
  2 orc warriors (Orc:2)
  A wolf (Lair:6)
  A sky beast (D:13)
  An orc priest (Orc:2)
  2 bushes (Lair:6)
  11 fungi
  25 plants
  65 tentacles (Shoals:4)
143 creatures vanquished.

Grand Total: 936 creatures vanquished

Notes
Turn   | Place    | Note
-------+----------+-------------------------------------------
     0 | Abyss:1  | tyranidshit the Demonspawn Abyssal Knight began the quest for the Orb.
     0 | Abyss:1  | Reached XP level 1. HP: 18/18 MP: 2/2
    48 | Abyss:1  | Noticed a small abomination
    49 | D:1      | Escaped the Abyss
   230 | D:1      | Gained mutation: You are immune to rotting. [demonic ancestry]
   230 | D:1      | Reached XP level 2. HP: 21/24 MP: 3/3
   235 | D:1      | Reached * piety under Lugonu
   283 | D:1      | Reached skill level 4 in Fighting
   427 | D:1      | Reached XP level 3. HP: 27/30 MP: 4/4
   926 | D:2      | Noticed Natasha
   938 | D:2      | Killed Natasha
   938 | D:2      | Reached XP level 4. HP: 36/38 MP: 5/5
   942 | D:2      | Noticed Natasha
   957 | D:2      | Killed Natasha
   957 | D:2      | Reached skill level 5 in Fighting
  1001 | D:2      | Noticed Natasha
  1014 | D:2      | Killed Natasha
  1118 | D:2      | Found a bloodstained altar of Trog.
  1185 | D:2      | Noticed Ijyb
  1193 | D:2      | Gained mutation: You are partially covered in iridescent scales. (AC +2) [demonic ancestry]
  1193 | D:2      | Reached XP level 5. HP: 46/46 MP: 6/6
  1197 | D:2      | Killed Ijyb
  1231 | D:2      | Reached skill level 6 in Fighting
  1318 | D:2      | Reached ** piety under Lugonu
  1629 | D:3      | Noticed Sigmund
  1644 | D:3      | Killed Sigmund
  1644 | D:3      | Reached skill level 7 in Fighting
  1644 | D:3      | Reached XP level 6. HP: 55/55 MP: 7/7
  1747 | D:3      | Found a shattered altar of Ashenzari.
  2047 | D:4      | Noticed Grinder
  2057 | D:4      | Paralysed by Grinder for 3 turns
  2117 | D:4      | Found a staircase to the Ecumenical Temple.
  2124 | D:4      | Found a sparkling altar of Nemelex Xobeh.
  2140 | Temple   | Entered the Ecumenical Temple
  2281 | D:4      | Reached skill level 8 in Fighting
  2281 | D:4      | Gained mutation: You have a pair of small horns on your head. [demonic ancestry]
  2281 | D:4      | Reached XP level 7. HP: 56/62 MP: 8/8
  2329 | D:4      | Killed Grinder
  2335 | D:4      | Reached skill level 9 in Fighting
  2425 | D:4      | Noticed Pikel
  2435 | D:4      | Killed Pikel
  2435 | D:4      | Reached skill level 10 in Fighting
  2435 | D:4      | Reached XP level 8. HP: 47/73 MP: 9/9
  2655 | D:4      | Found an opulent altar of Gozag.
  2726 | D:5      | Entered Level 5 of the Dungeon
  2925 | D:5      | Reached skill level 11 in Fighting
  2926 | D:5      | Found a basalt altar of Yredelemnul.
  3655 | D:6      | Learned a level 2 spell: Blink
  3660 | D:6      | Found a sacrificial altar of Ru.
  3663 | D:6      | Noticed Duvessa
  3671 | D:6      | Killed Duvessa
  3674 | D:6      | Noticed Dowan
  3680 | D:6      | Killed Dowan
  3744 | D:6      | Gained mutation: You are mostly covered in iridescent scales. (AC +4) [demonic ancestry]
  3744 | D:6      | Reached XP level 9. HP: 80/82 MP: 10/10
  3879 | D:6      | Found a glowing golden altar of the Shining One.
  3909 | D:6      | Noticed a hill giant
  3973 | D:6      | Killed a hill giant
  3973 | D:6      | Reached skill level 12 in Fighting
  4066 | D:6      | Reached *** piety under Lugonu
  4542 | D:7      | Reached skill level 5 in Invocations
  4905 | D:7      | Reached **** piety under Lugonu
  4905 | D:7      | Gained mutation: You may emit foul miasma when damaged in melee. [demonic ancestry]
  4905 | D:7      | Reached XP level 10. HP: 59/91 MP: 15/15
  4993 | D:7      | Reached skill level 5 in Armour
  5268 | D:8      | Reached skill level 1 in Shields
  5891 | D:8      | Noticed Maurice
  5911 | D:8      | Killed Maurice
  6392 | D:9      | Noticed Erica
  6574 | D:9      | Killed Erica
  6610 | D:9      | Gained mutation: Your flesh is cold resistant. (rC+) [potion of beneficial mutation]
  6669 | D:9      | Reached skill level 5 in Shields
  6678 | D:9      | Reached ***** piety under Lugonu
  6732 | D:9      | Found Plog's Armour Emporium.
  6826 | D:9      | Found an iron altar of Okawaru.
  6910 | D:10     | Entered Level 10 of the Dungeon
  6964 | D:10     | Reached XP level 11. HP: 85/96 MP: 16/16
  7040 | D:10     | Killed an unseen horror
  7133 | D:10     | Learned a level 1 spell: Apportation
  7223 | D:10     | Found a staircase to the Lair.
  7230 | D:10     | Reached skill level 5 in Axes
  7541 | Lair:1   | Entered Level 1 of the Lair of Beasts
  7924 | Lair:1   | Found a frozen archway.
  7940 | IceCv    | Entered an ice cave
  7986 | IceCv    | Reached skill level 1 in Stealth
  8129 | IceCv    | Reached skill level 13 in Fighting
  8496 | IceCv    | Noticed a necromancer
  8504 | IceCv    | Killed a necromancer
  8767 | Lair:1   | Identified Hejig's Disquisition on Poisoning and Aid
  9085 | Lair:1   | Got a faintly glowing short sword
  9091 | Lair:1   | Identified the +6 short sword of Iren Ron {pain, +Blink rF+} (You found it on level 1 of the Lair of Beasts)
  9122 | Lair:2   | Gained mutation: You are partially covered in sharp spines. [demonic ancestry]
  9122 | Lair:2   | Reached XP level 12. HP: 88/105 MP: 17/17
  9139 | Lair:2   | Noticed a six-headed hydra
  9148 | Lair:2   | Killed a two-headed hydra
  9388 | Lair:2   | Noticed a seven-headed hydra
  9410 | Lair:2   | Killed a four-headed hydra
  9919 | Lair:3   | Identified a scroll of acquirement
  9998 | Lair:3   | Reached skill level 10 in Armour
 10093 | Lair:3   | Found a staircase to the Shoals.
 10106 | Lair:3   | Reached ****** piety under Lugonu
 10109 | Lair:3   | Identified a +2 broad axe of distortion (a +0 broad axe of draining corrupted by Lugonu)
 10109 | Lair:3   | Received a gift from Lugonu
 10158 | Lair:3   | Reached skill level 1 in Evocations
 10799 | Lair:4   | Noticed a death yak
 10806 | Lair:4   | Banished a death yak
 10806 | Lair:4   | Reached skill level 5 in Evocations
 10823 | Lair:4   | Gained mutation: You have a pair of horns on your head. [demonic ancestry]
 10823 | Lair:4   | Reached XP level 13. HP: 83/111 MP: 18/18
 10871 | Lair:4   | Found a staircase to the Snake Pit.
 11401 | Lair:5   | Found a staircase to the Slime Pits.
 11643 | Lair:5   | Noticed Josephine
 11719 | Lair:4   | Killed Josephine
 11885 | Lair:5   | Found an opulent altar of Gozag.
 12118 | Lair:6   | Entered Level 6 of the Lair of Beasts
 12236 | Lair:6   | Reached skill level 14 in Fighting
 12577 | Lair:6   | Reached skill level 10 in Axes
 12604 | Lair:6   | Gained mutation: Your body sometimes deteriorates upon taking damage. [potion of mutation]
 12604 | Lair:6   | Gained mutation: You have sharp toenails. [potion of mutation]
 12808 | Lair:6   | Gained mutation: You have a pair of large horns on your head. [demonic ancestry]
 12808 | Lair:6   | Reached XP level 14. HP: 106/121 MP: 19/19
 13138 | Lair:6   | Reached skill level 15 in Fighting
 13495 | D:11     | Found a staircase to the Orcish Mines.
 13669 | D:11     | Noticed Squonk's ghost (journeyman OpTm)
 13689 | D:11     | Killed Squonk's ghost
 15178 | D:13     | Paralysed by a wizard for 7 turns
 15275 | D:13     | Found a gate to the Vaults.
 15431 | Orc:1    | Entered Level 1 of the Orcish Mines
 15451 | Orc:1    | Reached skill level 16 in Fighting
 15471 | Orc:1    | Found a roughly hewn altar of Beogh.
 15611 | Orc:1    | Noticed Erolcha
 15619 | Orc:1    | Killed Erolcha
 15629 | Orc:1    | Noticed a stone giant
 15707 | Orc:1    | Banished a stone giant
 15975 | Orc:1    | Found Cushreff's General Store.
 16076 | Orc:2    | Entered Level 2 of the Orcish Mines
 16096 | Orc:2    | Found a labyrinth entrance.
 16105 | Lab      | Entered a labyrinth
 16511 | Lab      | Got a shimmering long sword
 16560 | Lab      | Identified the cursed +1 long sword of Ebooshi {venom, +Inv rC+ MP-9 Str+6} (You found it in a labyrinth)
 16796 | Orc:2    | Noticed an orc warlord
 16858 | Orc:2    | Paralysed by an orc sorcerer for 2 turns
 16859 | Orc:2    | Reached skill level 1 in Spellcasting
 16879 | Orc:2    | Reached skill level 1 in Translocations
 16972 | Orc:2    | Found a staircase to the Elven Halls.
 17067 | Orc:2    | Found a roughly hewn altar of Beogh.
 17085 | Orc:2    | HP: 4/125 [orc warlord/war axe (40)]
 17185 | Orc:2    | Found Asumaqi's Antique Armour Emporium.
 17227 | Orc:2    | Found Derobog's Jewellery Emporium.
 17235 | Orc:2    | Bought an uncursed ring of poison resistance for 260 gold pieces
 17243 | Orc:2    | Found Wodaanej's Antique Weapon Emporium.
 17260 | Orc:2    | Found Noyrag's General Store.
 17268 | Orc:2    | Bought a scroll of enchant armour for 112 gold pieces
 17268 | Orc:2    | Bought a potion of heal wounds for 75 gold pieces
 17520 | Orc:2    | Bought a faintly humming chain mail for 275 gold pieces
 17520 | Orc:2    | Bought a shiny plate armour for 841 gold pieces
 17540 | Orc:2    | Identified the +6 chain mail of Gehenna {*Drain MP+9 Str+3 Int+4} (You bought it in a shop on level 2 of the Orcish Mines)
 17556 | Orc:2    | Bought a +3 ring of dexterity for 204 gold pieces
 17692 | Orc:2    | Reached XP level 15. HP: 131/131 MP: 20/20
 17904 | Snake:1  | Entered Level 1 of the Snake Pit
 18003 | Snake:1  | Found Suvumeng's Distillery.
 18148 | Snake:1  | Found Amakh's Antique Weapon Shoppe.
 18238 | Snake:1  | Found Irrehemi's General Store.
 18423 | Snake:1  | Found Onyosog's Magic Scroll Shoppe.
 18436 | Snake:1  | Bought a scroll of enchant armour for 97 gold pieces
 18436 | Snake:1  | Bought a scroll of enchant weapon for 97 gold pieces
 18733 | Snake:2  | Noticed Vashnia
 18918 | Shoals:1 | Entered Level 1 of the Shoals
 19059 | Shoals:1 | Noticed a kraken
 19066 | Shoals:1 | Found a hazy altar of Hepliaklqana.
 19073 | Shoals:1 | Reached skill level 17 in Fighting
 19707 | Shoals:2 | Noticed Aizul
 19726 | Shoals:2 | Killed Aizul
 19743 | Shoals:2 | Gained mutation: You are weak. (Str -2) [mutagenic meat]
 19804 | Shoals:2 | Gained mutation: You are mostly covered in sharp spines. [demonic ancestry]
 19804 | Shoals:2 | Reached XP level 16. HP: 99/143 MP: 21/21
 20318 | Shoals:3 | Got an ichor-stained ring mail
 20319 | Shoals:3 | Identified the +1 ring mail "Sigyth" {rElec rPois Str+2 Slay-4} (You found it on level 3 of the Shoals)
 20400 | Shoals:3 | Reached skill level 18 in Fighting
 20510 | Shoals:4 | Entered Level 4 of the Shoals
 20510 | Shoals:4 | Noticed a kraken
 20510 | Shoals:4 | Noticed a kraken
 20510 | Shoals:4 | Noticed a kraken
 20510 | Shoals:4 | Noticed a kraken
 20607 | Shoals:4 | Noticed Polyphemus
 20912 | Shoals:4 | Noticed a kraken
 21298 | Shoals:4 | Got a barnacled rune of Zot
 21416 | Shoals:4 | Got a sparkling lapis lazuli ring
 21419 | Shoals:4 | Identified the ring of Biofam {Wiz Str+6} (You found it on level 4 of the Shoals)
 21838 | Shoals:4 | Reached skill level 15 in Axes
 21979 | Shoals:4 | HP: 4/145 [Polyphemus/large rock (25)]
 21979 | Shoals:4 | Killed from afar by a water nymph

Skill      XL: |  1  2  3  4  5  6  7  8  9 10 11 12 13 14 15 16 |
---------------+-------------------------------------------------+-----
Fighting       | 4 5 7 8 10 11 12 13 14 16 17 18 | 18.6
Armour         | 4 7 8 10 | 10.0
Invocations    | 6 7 |  7.1
Shields        | 5 6 8 |  8.4
Axes           | 3 7 10 12 13 15 | 15.1
Stealth        | 1 |  1.0
Evocations     | 5 6 |  6.1
Spellcasting   | 3 |  3.0
Translocations | 2 |  2.5
Dodging        | |  0.8

Action                   |  1- 3 |  4- 6 |  7- 9 | 10-12 | 13-15 | 16-18 || total
-------------------------+-------+-------+-------+-------+-------+-------++-------
Melee: Hand axe          |   101 |   136 |   336 |   373 |       |       ||   946
       Headbutt          |       |       |    61 |   220 |   230 |    99 ||   610
       Whip              |       |       |     6 |       |       |       ||     6
       Broad axe         |       |       |       |   482 |  1037 |   382 ||  1901
       Scimitar          |       |       |       |   107 |    23 |       ||   130
       Short sword       |       |       |       |       |     6 |       ||     6
Invok: Depart the Abyss  |     1 |       |       |       |       |       ||     1
       Brand Weapon With |       |       |       |     1 |       |       ||     1
       Banish            |       |       |       |       |     2 |       ||     2
Evoke: Wand              |       |       |    48 |    13 |    12 |     7 ||    80
       Lamp of fire      |       |       |       |       |     1 |       ||     1
  Use: Scroll            |     4 |     7 |     9 |    16 |    24 |     4 ||    64
       Potion            |     3 |     4 |     2 |     4 |     7 |     8 ||    28
 Stab: Sleeping          |     1 |       |       |       |       |       ||     1
       Invisible         |     1 |       |       |       |       |       ||     1
       Petrifying        |       |       |       |       |       |     5 ||     5
       Petrified         |       |       |       |       |       |     1 ||     1
  Eat: Bread ration      |       |     1 |       |       |       |       ||     1
       Meat ration       |       |     1 |     1 |     4 |     6 |     1 ||    13
       Beef jerky        |       |       |       |     4 |     1 |       ||     5
       Chunk             |       |       |       |       |     1 |       ||     1
Armor: Leather armour    |     6 |       |       |       |       |       ||     6
       Scale mail        |    42 |    35 |       |       |       |       ||    77
       Skin              |       |    12 |       |       |       |       ||    12
       Plate armour      |       |    56 |   294 |   931 |   443 |       ||  1724
       Chain mail        |       |       |       |       |   230 |   304 ||   534
Dodge: Dodged            |    22 |    17 |    11 |    67 |   110 |    80 ||   307
Block: Large shield      |    44 |    90 |   219 |   841 |  1053 |   433 ||  2680
       Rpst.: Scimitar   |       |       |       |     3 |     2 |       ||     5
